 Dungeon Crawl Stone Soup version 0.24.1-8-ga250c9d538 (webtiles) character file.

Game seed: 15568435717349361383, levelgen mode: deterministic

396 Hugehornet the Cudgeler (level 6, 0/37 HPs)
             Began as a Gargoyle Fighter on Apr 30, 2020.
             Was an Initiate of Okawaru.
             Slain by an ogre
             ... wielding a +0 giant spiked club
              (22 damage)
             ... on level 4 of the Dungeon.
             The game lasted 00:06:53 (4014 turns).

Hugehornet the Cudgeler (Gargoyle Fighter)          Turns: 4014, Time: 00:06:54

Health: 0/37       AC: 15    Str: 22    XL:     6   Next: 83%
Magic:  6/6        EV:  5    Int:  8    God:    Okawaru [......]
Gold:   162        SH:  9    Dex:  9    Spells: 5/5 levels left

rFire    . . .     SeeInvis .   v - +0 morningstar
rCold    . . .     Gourm    +   c - +0 shield
rNeg     + . .     Faith    .   u - +0 chain mail
rPois    ∞         Spirit   .   (no helmet)
rElec    +         Reflect  .   (no cloak)
rCorr    .         Harm     .   l - +1 pair of gloves
MR       .....                  (no boots)
Stlth    ..........             k - amulet of the gourmand
HPRegen  0.12/turn              o - ring of wizardry
MPRegen  0.10/turn              (no ring)

@: no status effects
A: negative energy resistance 1, electricity resistance, unbreathing,
petrification resistance, rot immunity, AC +4
a: Renounce Religion


You were on level 4 of the Dungeon.
You worshipped Okawaru.
Okawaru was noncommittal.
You were not hungry.

You visited 2 branches of the dungeon, and saw 5 of its levels.

You collected 162 gold pieces.

Inventory:

Hand Weapons
 v - a +0 morningstar (weapon)
Armour
 c - a +0 shield (worn)
 l - a +1 pair of gloves (worn)
 u - a +0 chain mail (worn)
Jewellery
 k - an amulet of the gourmand (around neck)
 o - a ring of wizardry (left hand)
Scrolls
 e - 4 scrolls of identify {unknown}
 g - a scroll of amnesia {unknown}
 i - a scroll of remove curse {unknown}
 j - a scroll of fog {unknown}
 m - 2 scrolls of blinking {unknown}
 n - a scroll of teleportation {unknown}
 q - a scroll of immolation {unknown}
 r - a scroll of enchant weapon {unknown}
Potions
 b - a potion of lignification {unknown}
 d - a potion of might
 h - 2 potions of cancellation {unknown}
 p - 2 potions of heal wounds
 s - a potion of agility {unknown}
 t - 2 potions of berserk rage {unknown}
Comestibles
 f - 11 rations


   Skills:
 - Level 3.2 Fighting
 + Level 7.1 Maces & Flails
 - Level 3.2 Armour
 - Level 3.2 Shields


You had 5 spell levels left.
You didn't know any spells.
Your spell library was empty.

Dungeon Overview and Level Annotations

Branches:
Dungeon (4/15)             Temple (1/1) D:4

Altars:
Ashenzari
Cheibriados
Dithmenos
Fedhas
Gozag
Hepliaklqana
Nemelex Xobeh
Okawaru
Qazlal
Sif Muna
Trog
Uskayaw
Vehumet
Xom
Zin


Innate Abilities, Weirdness & Mutations

You are resistant to torment.
Your stone body is resilient. (AC +4)
You are immune to poison.
You resist negative energy. (rN+)
You are resistant to electric shocks. (rElec)
You can survive without breathing.
You are immune to petrification.
You are immune to rotting.


Message History

Setting a skill training target for Maces & Flails at 16.0.
You closely miss the frilled lizard. You block the frilled lizard's attack.
The frilled lizard bites you but does no damage.
You miss the frilled lizard. You block the frilled lizard's attack.
You puncture the frilled lizard!
You kill the frilled lizard!
Okawaru accepts your kill.
No target in view!
No target in view!
Found 14 stones.
Found a stone staircase leading down.
An ogre comes into view. It is wielding a +0 giant spiked club.
Found a scroll labeled ENGIOSTR NIGEOL.
Found a hat.
The ogre hits you with a +0 giant spiked club!
You hit the ogre.
The ogre is lightly wounded.
The ogre hits you with a +0 giant spiked club!!
Ouch! That really hurt!
You die...

... #.#.# ###(# #.#.#
###.#.# #.#.# #...#.#
#.###.#.#####.#.#.#
#.............#.#.##
#.###.#.#######.#...
#.###?#.#######.#...
#>O@................
..[.!####.#######.#.####
### #...........# #
#######...######
.............##
####...###.###
#.......... #..####.###
#.†.....#


You could see an ogre.

Vanquished Creatures
  A phantom (D:4)
  A scorpion (D:2)
  An orc priest (D:4)
  2 orc wizards (D:4)
  6 gnolls (D:3)
  3 adders
  An ooze (D:4)
  A worm (D:3)
  A dart slug (D:1)
  3 leopard geckos
  12 orcs
  3 bats
  6 giant cockroaches
  3 goblins
  8 hobgoblins
  4 jackals (D:2)
  6 frilled lizards
  7 kobolds
  9 rats
78 creatures vanquished.

Notes
Turn   | Place    | Note
-------+----------+-------------------------------------------
     0 | D:1      | Hugehornet the Gargoyle Fighter began the quest for the
                  | Orb.
     0 | D:1      | Reached XP level 1. HP: 14/14 MP: 1/1
   370 | D:1      | Reached XP level 2. HP: 19/19 MP: 2/2
   451 | D:1      | Reached skill level 3 in Maces & Flails
  1142 | D:2      | Found an opulent altar of Gozag.
  1179 | D:2      | Reached XP level 3. HP: 21/23 MP: 3/3
  1315 | D:2      | Noticed a scorpion
  1330 | D:2      | Killed a scorpion
  1330 | D:2      | Reached skill level 4 in Maces & Flails
  1330 | D:2      | Reached XP level 4. HP: 10/28 MP: 4/4
  2131 | D:3      | Reached skill level 5 in Maces & Flails
  2260 | D:3      | Reached XP level 5. HP: 27/32 MP: 5/5
  2780 | D:3      | Found a hide-covered altar of Uskayaw.
  3173 | D:3      | Found a shimmering altar of Xom.
  3394 | D:4      | Found a staircase to the Ecumenical Temple.
  3394 | D:4      | Noticed a phantom
  3395 | D:4      | Reached skill level 6 in Maces & Flails
  3411 | D:4      | Reached XP level 6. HP: 37/37 MP: 6/6
  3640 | D:4      | Killed a phantom
  3688 | Temple   | Entered the Ecumenical Temple
  3717 | Temple   | Became a worshipper of Warmaster Okawaru
  3952 | D:4      | Reached skill level 7 in Maces & Flails
  4014 | D:4      | Slain by an ogre

Levels and vault maps discovered:
D:1:      dpeg_arrival_shrine, layout_basic
D:2:      layout_loops_ring, lemuel_doored_altar, first_ration
D:3:      layout_basic, eat_drink_and_be_merry_uskayaw, lemuel_round_altar,
          corexii_item_surrounded_by_moat
D:4:      layout_basic, minmay_temple_entry_grid
Temple:   minmay_temple_bridge_abc

Skill      XL: |  1  2  3  4  5  6 |
---------------+-------------------+-----
Maces & Flails | 3 4 5 6 7 |  7.1
Fighting       | |  3.2
Armour         | |  3.2
Shields        | |  3.2

Action                   |  1- 3 |  4- 6 || total
-------------------------+-------+-------++-------
Melee: Flail             |    87 |   284 ||   371
       Morningstar       |       |     4 ||     4
  Use: Potion            |       |     1 ||     1
  Eat: Chunk             |     1 |    11 ||    12
Armor: Scale mail        |    49 |    99 ||   148
       Chain mail        |       |    87 ||    87
Dodge: Dodged            |    18 |    51 ||    69
Block: Shield            |    32 |   106 ||   138
